 Dungeon Crawl Stone Soup version 0.23.1-41-g7e51ed32d8 (webtiles) character file.

Game seed: 7235249452997441578

138 Acheron the Vandal (level 5, -8/45 HPs)
             Began as a Ghoul Hunter on Mar 29, 2019.
             Shot with an arrow by a centaur (11 damage)
             ... on level 6 of the Dungeon.
             The game lasted 00:16:27 (2601 turns).

Acheron the Vandal (Ghoul Hunter)                   Turns: 2601, Time: 00:16:28

Health: -8/45      AC:  6    Str: 16    XL:     5   Next: 21%
Magic:  4/4        EV: 11    Int:  6    God:
Gold:   164        SH:  0    Dex: 10    Spells: 4/4 levels left

rFire    . . .     SeeInvis .   g - +1 hand axe (venom)
rCold    + . .     Gourm    .   (no shield)
rNeg     + + +     Faith    .   v - +0 ring mail
rPois    ∞         Spirit   .   (no helmet)
rElec    .         Reflect  .   t - +0 cloak
rCorr    .         Harm     .   (no gloves)
MR       .....                  (no boots)
Stlth    +.........             (no amulet)
HPRegen  0.00/turn              (no ring)
MPRegen  0.09/turn              (no ring)

@: rotting
A: rotting body, claws 1, carnivore, cold resistance 1, negative energy
resistance 3, inhibited regeneration, torment resistance, unbreathing
a: no special abilities


You were on level 6 of the Dungeon.
You were not hungry.

You visited 1 branch of the dungeon, and saw 7 of its levels.

You collected 164 gold pieces.

Inventory:

Hand Weapons
 a - a +1 hunting sling
 b - a +0 short sword
 g - a +1 hand axe of venom (weapon)
 k - a +1 whip of pain
 m - a +0 short sword
 w - a +0 great sword
Missiles
 d - 43 sling bullets
 i - 71 stones (quivered)
Armour
 c - a +0 leather armour
 t - a +0 cloak (worn)
 u - a +0 pair of gloves
 v - a +0 ring mail (worn)
Jewellery
 n - a +5 ring of slaying {unknown}
 s - an uncursed ring of ice {unknown}
 x - a +3 ring of intelligence {unknown}
Scrolls
 e - 6 scrolls of identify
 h - a scroll of teleportation
 j - a scroll of noise {unknown}
 l - 3 scrolls of remove curse
 r - a scroll of enchant weapon {unknown}
Potions
 o - a potion of might
 p - a potion of invisibility
 q - a potion of berserk rage {unknown}
 z - 2 potions of heal wounds
Comestibles
 f - 8 rations


   Skills:
 * Level 3.3 Fighting
 + Level 1.1 Axes
 + Level 4.2 Slings
 * Level 1.0 Armour
 * Level 2.2 Dodging
 * Level 1.9 Stealth
 * Level 1.6 Unarmed Combat


You had 4 spell levels left.
You didn't know any spells.
Your spell library was empty.

Dungeon Overview and Level Annotations

Branches:
Dungeon (7/15)
 Temple: D:4-7

Altars:
Ashenzari
Nemelex Xobeh
Yredelemnul

Annotations:
D:2 Sigmund


Innate Abilities, Weirdness & Mutations

Your body is rotting away.
You thrive on raw meat.
You are immune to poison.
You have sharp fingernails.
You are carnivorous and can eat meat at any time.
Your flesh is cold resistant. (rC+)
You are immune to negative energy. (rN+++)
You do not regenerate when monsters are visible.
You are immune to unholy pain and torment.
You can survive without breathing.


Message History

The crimson imp sputters.
The centaur shoots an arrow.
The arrow hits you!
You see here 2 arrows.
The ogre shouts!
The crimson imp hits you but does no damage.
The centaur shoots an arrow.
The arrow hits you.
* * * LOW HITPOINT WARNING * * *
The crimson imp misses you.
You see here an arrow.
The bullfrog croaks.
The crimson imp hits you but does no damage.
The centaur shoots an arrow.
The arrow hits you.
* * * LOW HITPOINT WARNING * * *
The crimson imp blinks!
The ogre barely misses you.
There is a stone staircase leading down here.
You see here an arrow.
The bullfrog hits you.
* * * LOW HITPOINT WARNING * * *
The centaur shoots an arrow.
The arrow hits you!
You die...

........#(.........
#.....5...(......#
#......c.#......##
#........##(.....#.
............._.....
...##.....(..8..##.
....#......._..#
###.....#......##
#♣♣♣♣♣###...#.@O....#
#♣♣....♣♣♣###.##F.......
♣.........♣♣#...[.....##
...........♣#....#....#
...........♣#...##....#
...........♣#... ...##
♣♣♣♣♣♣.._..♣#... ...# #
#♣⌠.⌠♣#♣... ..#
#........ ♣♣♣# #.......#


You could see an ogre, a bullfrog, a centaur and a crimson imp.

Vanquished Creatures
  An iguana (D:6)
  A hound skeleton (D:4)
  2 gnolls
  An adder (D:2)
  An adder skeleton (D:4)
  A worm (D:3)
  A dart slug (D:1)
  3 leopard geckos
  An orc (D:3)
  2 giant cockroaches
  7 goblins
  11 hobgoblins
  3 jackals (D:2)
  2 ball pythons (D:1)
  5 bats
  8 kobolds
  5 rats
55 creatures vanquished.

Notes
Turn   | Place    | Note
-------+----------+-------------------------------------------
     0 | D:1      | Acheron the Ghoul Hunter began the quest for the Orb.
     0 | D:1      | Reached XP level 1. HP: 17/17 MP: 0/0
    80 | D:1      | Reached skill level 1 in Unarmed Combat
   310 | D:1      | Reached XP level 2. HP: 25/25 MP: 1/1
   449 | D:1      | Reached XP level 3. HP: 23/29 MP: 2/2
  1114 | D:2      | Reached skill level 4 in Slings
  1418 | D:2      | Reached XP level 4. HP: 23/38 MP: 3/3
  1608 | D:2      | Noticed Sigmund
  2037 | D:5      | Entered Level 5 of the Dungeon
  2076 | D:4      | Noticed an ogre
  2246 | D:6      | Reached skill level 1 in Axes
  2246 | D:6      | Reached skill level 1 in Armour
  2246 | D:6      | Reached XP level 5. HP: 15/45 MP: 4/4
  2473 | D:6      | Found a basalt altar of Yredelemnul.
  2488 | D:6      | Noticed a centaur
  2536 | D:6      | Noticed an ogre
  2545 | D:6      | Found a shattered altar of Ashenzari.
  2545 | D:6      | Found a sparkling altar of Nemelex Xobeh.
  2601 | D:6      | Shot with an arrow by a centaur

Skill      XL: |  1  2  3  4 |
---------------+-------------+-----
Unarmed Combat | 1 |  1.6
Dodging        | 2 |  2.2
Slings         | 4 |  4.2
Fighting       | 3 |  3.3
Axes           | 1 |  1.1
Armour         | 1 |  1.0
Stealth        | |  1.9

Action                   |  1- 3 |  4- 6 || total
-------------------------+-------+-------++-------
Melee: Unarmed           |    66 |       ||    66
       Hand axe          |     9 |    79 ||    88
 Fire: Hunting sling     |    64 |       ||    64
  Use: Scroll            |       |     9 ||     9
 Stab: Sleeping          |       |     1 ||     1
  Eat: Chunk             |    10 |     8 ||    18
Armor: Leather armour    |    27 |     9 ||    36
       Ring mail         |       |    23 ||    23
Dodge: Dodged            |    63 |    35 ||    98
